BSA
SEATTLE PIKES @ PORTLAND CARDS
09/27/2025
 
TOP OF THE 1ST
Seattle Pikes batting - Pitching for Portland Cards : RHP Manuel Fuentes
Pitching: RHP Manuel Fuentes
Batting: RHB Manuel Rico 0-0: Swinging Strike
0-1: Ball
1-1: Called Strike
1-2: Foul Ball, location: 2F
1-2: Foul Ball, location: 2F
1-2: Ball
2-2: Foul Ball, location: 2F
2-2: Foul Ball, location: 2F
2-2: Foul Ball, location: 2F
2-2: Ball
3-2: Foul Ball, location: 2F
3-2: Foul Ball, location: 2F
3-2: Fly out, F8 (Flyball, 8LM)
Batting: RHB António Ortega 0-0: Ball
1-0: Ground out 6-3 (Groundball, 6M)
Batting: LHB Eduardo Gómez 0-0: Ball
1-0: Swinging Strike
1-1: Called Strike
1-2: Foul Ball, location: 2F
1-2: Foul Ball, location: 2F
1-2: Strikes out swinging
Top of the 1st over - 0 run(s), 0 hit(s), 0 error(s), 0 left on base; Seattle 0 - Portland 0
BOTTOM OF THE 1ST
Portland Cards batting - Pitching for Seattle Pikes : RHP António Rijo
Pitching: RHP António Rijo
Batting: RHB Dani Vázquez 0-0: Called Strike
0-1: Ball
1-1: Called Strike
1-2: Ball
2-2: Ball
3-2: Ground out U3 (Groundball, 3S)
Batting: LHB Keith Beard 0-0: Ball
1-0: Swinging Strike
1-1: Ground out 4-3 (Groundball, 34)
Batting: LHB Jeff Daniels 0-0: Ball
1-0: Ball
2-0: Called Strike
2-1: Ground out 4-3 (Groundball, 34)
Bottom of the 1st over - 0 run(s), 0 hit(s), 0 error(s), 0 left on base; Seattle 0 - Portland 0
TOP OF THE 2ND
Seattle Pikes batting - Pitching for Portland Cards : RHP Manuel Fuentes
Batting: RHB Wallace Greene 0-0: Called Strike
0-1: Foul Ball, location: 2F
0-2: Ball
1-2: Ball
2-2: Ball
3-2: Strikes out swinging
Batting: LHB Richard Hunter 0-0: Swinging Strike
0-1: Ball
1-1: Called Strike
1-2: Ground out 1-3 (Groundball, 15S)
Batting: RHB Randy Sheppard 0-0: Called Strike
0-1: Swinging Strike
0-2: Foul Ball, location: 2F
0-2: Ground out 5-3 (Groundball, 56S)
Top of the 2nd over - 0 run(s), 0 hit(s), 0 error(s), 0 left on base; Seattle 0 - Portland 0
BOTTOM OF THE 2ND
Portland Cards batting - Pitching for Seattle Pikes : RHP António Rijo
Batting: SHB José Alomar 0-0: Ball
1-0: Swinging Strike
1-1: Ball
2-1: SINGLE (Line Drive, 6D)
Batting: LHB Paul Mullins 0-0: Ball
1-0: Grounds into double play, 4-6-3 (Groundball, 34)
Batting: RHB Paco Arellano 0-0: Foul Ball, location: 2F
0-1: Ball
1-1: Foul Ball, location: 2F
1-2: Strikes out swinging
Bottom of the 2nd over - 0 run(s), 1 hit(s), 0 error(s), 0 left on base; Seattle 0 - Portland 0
TOP OF THE 3RD
Seattle Pikes batting - Pitching for Portland Cards : RHP Manuel Fuentes
Batting: SHB António Hernández 0-0: Fly out, F8 (Flyball, 8LM)
Batting: RHB Iván Gonzáles 0-0: Ball
1-0: Swinging Strike
1-1: Swinging Strike
1-2: Ball
2-2: Ball
3-2: Base on Balls
Batting: RHB Edouard Padovano 0-0: Ball
1-0: Ball
2-0: Swinging Strike
2-1: Ball
3-1: Foul Ball, location: 2F
3-2: Strikes out swinging
Batting: RHB Manuel Rico 0-0: Ball
1-0: Ball
2-0: Foul Ball, location: 2F
2-1: Ground out 5-3 (Groundball, 6)
Top of the 3rd over - 0 run(s), 0 hit(s), 0 error(s), 1 left on base; Seattle 0 - Portland 0
BOTTOM OF THE 3RD
Portland Cards batting - Pitching for Seattle Pikes : RHP António Rijo
Batting: RHB Aaron Scott 0-0: Ball
1-0: Called Strike
1-1: Swinging Strike
1-2: Ball
2-2: Foul Ball, location: 2F
2-2: Ball
3-2: Base on Balls
Batting: RHB Germán Rosales 0-0: Ball
1-0: Called Strike
1-1: Fly out, F9 (Popup, 89S)
Batting: RHB Bartolo Quiñones 0-0: Ball
Wild Pitch!
Aaron Scott to second
1-0: Called Strike
1-1: Ball
2-1: Called Strike
2-2: Fly out, F3 (Popup, 3DF)
Batting: RHB Dani Vázquez 0-0: Called Strike
0-1: Swinging Strike
0-2: Ball
1-2: Ground out 1-3 (Groundball, 13S)
Bottom of the 3rd over - 0 run(s), 0 hit(s), 0 error(s), 1 left on base; Seattle 0 - Portland 0
TOP OF THE 4TH
Seattle Pikes batting - Pitching for Portland Cards : RHP Manuel Fuentes
Batting: RHB António Ortega 0-0: Called Strike
0-1: Fly out, F3 (Popup, 3L)
Batting: LHB Eduardo Gómez 0-0: Foul Ball, location: 2F
0-1: Ball
1-1: SINGLE (Flyball, 9S)
Batting: RHB Wallace Greene 0-0: Fly out, F7 (Flyball, 7D)
Batting: LHB Richard Hunter 0-0: Ball
1-0: Ball
2-0: DOUBLE (Line Drive, 8LD)
Eduardo Gómez to third
Batting: RHB Randy Sheppard 0-0: Ball
1-0: Foul Ball, location: 2F
1-1: Swinging Strike
1-2: Ball
2-2: SINGLE (Line Drive, 8LS)
Eduardo Gómez scores
Richard Hunter to third
Runner from 3rd tries for Home, SAFE, throw made home
Randy Sheppard to second
Batting: SHB António Hernández 0-0: Called Strike
0-1: Ball
1-1: Called Strike
1-2: Ground out U3 (Groundball, 3S)
Top of the 4th over - 2 run(s), 3 hit(s), 0 error(s), 1 left on base; Seattle 2 - Portland 0
BOTTOM OF THE 4TH
Portland Cards batting - Pitching for Seattle Pikes : RHP António Rijo
Batting: LHB Keith Beard 0-0: Ball
1-0: Foul Ball, location: 2F
1-1: Foul Ball, location: 2F
1-2: Hit by Pitch
Batting: LHB Jeff Daniels 0-0: Called Strike
0-1: Ball
1-1: Swinging Strike
1-2: Ball
2-2: Ball
3-2: Strikes out swinging
Keith Beard steals 2nd base
Batter strikes out.
Batting: SHB José Alomar 0-0: Foul Ball, location: 2F
0-1: Ball
1-1: Ball
2-1: Ground out 1-3 (Groundball, 13S)
Keith Beard to third
Batting: LHB Paul Mullins 0-0: Ball
1-0: Ball
2-0: Called Strike
2-1: Swinging Strike
2-2: Strikes out swinging
Bottom of the 4th over - 0 run(s), 0 hit(s), 0 error(s), 1 left on base; Seattle 2 - Portland 0
TOP OF THE 5TH
Seattle Pikes batting - Pitching for Portland Cards : RHP Manuel Fuentes
Batting: RHB Iván Gonzáles 0-0: Ball
1-0: Ground out 6-3 (Groundball, 6)
Batting: RHB Edouard Padovano 0-0: Ball
1-0: Called Strike
1-1: Foul Ball, location: 2F
1-2: Foul Ball, location: 2F
1-2: Ball
2-2: Reached on Error, E6 (Line Drive, 6)
Batting: RHB Manuel Rico 0-0: Ball
1-0: Called Strike
1-1: Foul Ball, location: 2F
1-2: Grounds into double play, 6-4-3 (Groundball, 6)
Top of the 5th over - 0 run(s), 0 hit(s), 1 error(s), 0 left on base; Seattle 2 - Portland 0
BOTTOM OF THE 5TH
Portland Cards batting - Pitching for Seattle Pikes : RHP António Rijo
Batting: RHB Paco Arellano 0-0: Ball
1-0: Ball
2-0: SOLO HOME RUN (Flyball, 9D), Distance : 356 ft
Batting: RHB Aaron Scott 0-0: Called Strike
0-1: SINGLE (Line Drive, 6M)
Batting: RHB Germán Rosales 0-0: Ball
1-0: Foul Ball, location: 2F
1-1: Foul Ball, location: 2F
1-2: Ball
2-2: SINGLE (Flyball, 9S)
Aaron Scott to second
Runner from 2nd tries for 3rd, OUT!
Germán Rosales to second
Batting: RHB Bartolo Quiñones 0-0: Ball
1-0: Called Strike
1-1: Foul Ball, location: 2F
1-2: Foul Ball, location: 2F
1-2: Ground out 5-3 (Groundball, 5)
Batting: RHB Dani Vázquez 0-0: Ball
1-0: Ball
2-0: Foul Ball, location: 2F
2-1: Ground out 1-3 (Groundball, 23)
Bottom of the 5th over - 1 run(s), 3 hit(s), 0 error(s), 1 left on base; Seattle 2 - Portland 1
TOP OF THE 6TH
Seattle Pikes batting - Pitching for Portland Cards : RHP Manuel Fuentes
Batting: RHB António Ortega 0-0: Called Strike
0-1: Ball
1-1: Ground out 6-3 (Groundball, 6)
Batting: LHB Eduardo Gómez 0-0: Ball
1-0: Foul Ball, location: 2F
1-1: Ball
2-1: Ball
3-1: Base on Balls
Batting: RHB Wallace Greene 0-0: Ball
1-0: Ball
2-0: Swinging Strike
2-1: Fielders Choice at 2nd, 5-4 (Groundball, 56)
Batting: LHB Richard Hunter 0-0: Ball
1-0: Ball
2-0: Foul Ball, location: 2F
2-1: Called Strike
2-2: Ball
3-2: SINGLE (Groundball, 34D)
Wallace Greene to second
Wallace Greene to third
Batting: RHB Randy Sheppard 0-0: Ball
Richard Hunter steals 2nd base
1-0: Called Strike
1-1: Ground out 6-3 (Groundball, 6M)
Top of the 6th over - 0 run(s), 1 hit(s), 0 error(s), 2 left on base; Seattle 2 - Portland 1
BOTTOM OF THE 6TH
Portland Cards batting - Pitching for Seattle Pikes : RHP António Rijo
Batting: LHB Keith Beard 0-0: Foul Ball, location: 2F
0-1: Called Strike
0-2: Ball
1-2: SINGLE (Groundball, 34D) (infield hit)
Batting: LHB Jeff Daniels 0-0: Called Strike
Keith Beard is caught stealing 2nd base
0-1: Foul Ball, location: 2F
0-2: Strikes out swinging
Batting: SHB José Alomar 0-0: Ball
1-0: Ball
2-0: Foul Ball, location: 2F
2-1: Foul Ball, location: 2F
2-2: Foul Ball, location: 2F
2-2: Foul Ball, location: 2F
2-2: Ball
3-2: Foul Ball, location: 2F
3-2: Ground out 3-1 (Groundball, 34)
Bottom of the 6th over - 0 run(s), 1 hit(s), 0 error(s), 0 left on base; Seattle 2 - Portland 1
TOP OF THE 7TH
Seattle Pikes batting - Pitching for Portland Cards : RHP Manuel Fuentes
Pitching: LHP Mark Murchison
Batting: SHB António Hernández 0-0: Ball
1-0: SINGLE (Groundball, 4MD)
Batting: RHB Iván Gonzáles 0-0: Ball
1-0: Sac Bunt - play at first, batter OUT! 1-4
António Hernández to second
Batting: RHB Edouard Padovano 0-0: Foul Ball, location: 2F
0-1: Ground out 5-3 (Groundball, 56)
Batting: RHB Manuel Rico 0-0: Called Strike
0-1: Swinging Strike
0-2: Fly out, F9 (Flyball, 9LS)
Top of the 7th over - 0 run(s), 1 hit(s), 0 error(s), 1 left on base; Seattle 2 - Portland 1
BOTTOM OF THE 7TH
Portland Cards batting - Pitching for Seattle Pikes : RHP António Rijo
Pitching: LHP John Whitaker
Batting: LHB Paul Mullins 0-0: Ground out 4-3 (Groundball, 34)
Pitching: RHP Thomas Hughes
Batting: RHB Paco Arellano 0-0: Ball
1-0: Called Strike
1-1: Foul Ball, location: 2F
1-2: Strikes out swinging
Batting: RHB Aaron Scott 0-0: Ball
1-0: Ball
2-0: Foul Ball, location: 2F
2-1: Ball
3-1: Fly out, F7 (Flyball, 7M)
Bottom of the 7th over - 0 run(s), 0 hit(s), 0 error(s), 0 left on base; Seattle 2 - Portland 1
TOP OF THE 8TH
Seattle Pikes batting - Pitching for Portland Cards : LHP Mark Murchison
Batting: RHB António Ortega 0-0: Called Strike
0-1: Ball
1-1: Called Strike
1-2: Ball
2-2: Foul Ball, location: 2F
2-2: Foul Ball, location: 2F
2-2: Ground out 1-3 (Groundball, 15)
Batting: LHB Eduardo Gómez 0-0: Called Strike
0-1: Ball
1-1: Ball
2-1: Called Strike
2-2: Ball
3-2: Strikes out swinging
Batting: RHB Wallace Greene 0-0: Ball
1-0: Ball
2-0: Fly out, F8 (Line Drive, 8LS)
Top of the 8th over - 0 run(s), 0 hit(s), 0 error(s), 0 left on base; Seattle 2 - Portland 1
BOTTOM OF THE 8TH
Portland Cards batting - Pitching for Seattle Pikes : RHP Thomas Hughes
Pitching: RHP Gil Dickson
Now at 1B: Rich Ruffin
Now in LF: Jesús Núñez
Batting: RHB Germán Rosales 0-0: Ball
1-0: SINGLE (Flyball, 6MD)
Pinch Hitting: RHB Claudio Guerra 0-0: Ball
1-0: Bunted foul
1-1: Bunted foul
1-2: Foul Ball, location: 2F
1-2: Ball
2-2: Fly out, F9 (Line Drive, 9M)
Pitching: LHP Cristián Escobar
Batting: RHB Dani Vázquez 0-0: Grounds into double play, 1-6-3 (Groundball, 13)
Bottom of the 8th over - 0 run(s), 1 hit(s), 0 error(s), 0 left on base; Seattle 2 - Portland 1
TOP OF THE 9TH
Seattle Pikes batting - Pitching for Portland Cards : LHP Mark Murchison
Pitching: RHP Steve Griffin
Now at 3B: Luis Zúñiga
Batting: LHB Richard Hunter 0-0: Called Strike
0-1: Foul Ball, location: 2F
0-2: Foul Ball, location: 2F
0-2: Ball
1-2: Ball
2-2: Ball
3-2: Foul Ball, location: 2F
3-2: Base on Balls
Batting: RHB Randy Sheppard 0-0: Ball
1-0: Ball
2-0: Bunted foul
2-1: Sac Bunt - play at first, batter OUT! 5-4
Richard Hunter to second
Pinch Hitting: LHB Sammy Marshall 0-0: Foul Ball, location: 2F
0-1: Ball
1-1: Foul Ball, location: 2F
1-2: Ground out 4-3 (Groundball, 34)
Richard Hunter to third
Batting: RHB Iván Gonzáles 0-0: Foul Ball, location: 2F
0-1: Ball
1-1: Called Strike
1-2: Ground out 5-3 (Groundball, 56S)
Top of the 9th over - 0 run(s), 0 hit(s), 0 error(s), 1 left on base; Seattle 2 - Portland 1
BOTTOM OF THE 9TH
Portland Cards batting - Pitching for Seattle Pikes : LHP Cristián Escobar
Now at 2B: Roberto Zamora
Now at SS: Rafael González
Batting: LHB Keith Beard 0-0: Foul Ball, location: 2F
0-1: Ball
1-1: Foul Ball, location: 2F
1-2: Foul Ball, location: 2F
1-2: Foul Ball, location: 2F
1-2: Ball
2-2: Foul Ball, location: 2F
2-2: Fly out, F7 (Flyball, 78M)
Batting: LHB Jeff Daniels 0-0: Called Strike
0-1: Ball
1-1: Called Strike
1-2: Strikes out swinging
Batting: SHB José Alomar 0-0: Called Strike
0-1: Swinging Strike
0-2: Ball
1-2: Strikes out swinging
Bottom of the 9th over - 0 run(s), 0 hit(s), 0 error(s), 0 left on base; Seattle 2 - Portland 1
This league is powered by Out of the Park Baseball, the baseball management simulation game for PC, Mac and Linux
Tuesday, August 2nd, 2016 - OOTP Baseball 16.8 Build 38